 Dungeon Crawl Stone Soup version 0.27-a0-1595-g0b823d0a13 (webtiles) character file.

Game seed: 7215261466529074565

18607 duskshroud the Grappler (level 12, -6/127 HPs)
             Began as a Troll Hunter on July 20, 2021.
             Was a High Priest of Dithmenos.
             Mangled by an eight-headed hydra (11 damage)
             ... on level 2 of the Lair of Beasts.
             The game lasted 00:50:58 (10849 turns).

duskshroud the Grappler (Troll Hunter)             Turns: 10849, Time: 00:50:58

Health: -6/127     AC:  8    Str: 32    XL:     12   Next: 29%
Magic:  11/11      EV: 10    Int:  7    God:    Dithmenos [*****.]
Gold:   572        SH:  0    Dex: 14    Spells: 11/11 levels left

rFire    + . .     SeeInvis .   a - +4 dire flail
rCold    . . .     Faith    .   (shield currently unavailable)
rNeg     . . .     Spirit   .   b - +0 robe
rPois    .         Reflect  .   (helmet restricted)
rElec    .         Harm     .   (no cloak)
rCorr    +         Rampage  .   (gloves unavailable)
Will     .....                  (boots unavailable)
Stlth    ++........             K - amulet "Bimij" {rF+ Regen+ rCorr Str+9}
HPRegen  2.31/turn              j - ring of resist corrosion
MPRegen  0.12/turn              y - +4 ring of protection

@: mighty, hasted, wreathed by umbra, studying Fighting, very quick
A: large, unfitting armour, claws 3, regeneration 1, shaggy fur 1, tough skin 1
a: Renounce Religion, Shadow Step, Shadow Form


You were on level 2 of the Lair of Beasts.
You worshipped Dithmenos.
Dithmenos was extremely pleased with you.
You visited 2 branches of the dungeon, and saw 12 of its levels.
You also visited: Sewer.

You collected 572 gold pieces.

Inventory:

Hand Weapons
 a - a +4 dire flail (weapon)
 m - a +2 vorpal flail
Missiles
 c - 3 large rocks
 d - 2 throwing nets
 G - 17 poisoned darts (quivered)
 R - 2 curare-tipped darts
Armour
 b - a +0 robe (worn)
 k - a +0 kite shield of protection
 T - a +0 tower shield
Magical Staves
 M - a staff of air
Jewellery
 j - a ring of resist corrosion (left claw)
 y - a +4 ring of protection (right claw)
 K - the amulet "Bimij" (around neck) {rF+ Regen+ rCorr Str+9}
   (You took it off a kobold on level 7 of the Dungeon)

   [amulet of regeneration]

   Str:       It affects your strength (+9).
   rF:        It protects you from fire.
   Regen:     It increases your rate of health regeneration.
   rCorr:     It protects you from acid and corrosion.
 Q - the ring "Payhilid" {rPois rF- Will+ Dex-3 Slay+6}
   (You acquired it on level 10 of the Dungeon)

   [ring of willpower]

   Dex:       It affects your dexterity (-3).
   Slay:      It affects your accuracy & damage with ranged weapons and melee
   (+6).
   rF:        It makes you vulnerable to fire.
   rPois:     It protects you from poison.
   Will:      It increases your willpower.
Wands
 h - a wand of charming (3)
 D - a wand of iceblast (21)
 I - a wand of polymorph (18)
 J - a wand of flame (26)
 L - a wand of digging (6)
Scrolls
 f - 2 scrolls of teleportation
 g - a scroll of immolation {unknown}
 l - a scroll of amnesia {unknown}
 n - 2 scrolls of fear {unknown}
 w - a scroll of blinking {unknown}
 A - a scroll of silence {unknown}
 N - 3 scrolls of enchant weapon
 P - a scroll of holy word {unknown}
 U - 2 scrolls of fog
 V - a scroll of enchant armour {unknown}
Potions
 i - 3 potions of might
 o - 3 potions of haste
 p - a potion of cancellation {unknown}
 q - 3 potions of heal wounds
 r - a potion of invisibility {unknown}
 s - 9 potions of curing
 t - a potion of ambrosia {unknown}
 u - 3 potions of resistance
 z - a potion of attraction {unknown}
 C - 3 potions of brilliance
 H - a potion of magic {unknown}


   Skills:
 + Level 10.5 Fighting
 - Level 3.6 Throwing
 - Level 3.0 Dodging
 - Level 0.3 Stealth
 * Level 5.0 Shields
 + Level 14.8 Unarmed Combat


You had 11 spell levels left.
You didn't know any spells.
Your spell library contained the following spells:

 Spells                   Type           Power      Damage    Failure   Level
 Ensorcelled Hibernation  Hex/Ice        0%         N/A       56%         2
 Call Canine Familiar     Summ           0%         N/A       80%         3
 Portal Projectile        Hex/Tloc       0%         N/A       80%         3
 Spider Form              Tmut/Pois      0%         N/A       80%         3
 Leda's Liquefaction      Hex/Erth       0%         N/A       99%         4
 Freezing Cloud           Conj/Ice/Air   0%         6-21      100%        5
 Shadow Creatures         Summ           N/A        N/A       100%        6
 Simulacrum               Ice/Necr       0%         N/A       100%        6
 Polar Vortex             Ice            0%         N/A       100%        9


Dungeon Overview and Level Annotations

Branches:
Dungeon (10/15)            Temple (0/1) D:4            Lair (2/6) D:10
    Orc (0/2) D:9           Sewer (visited)
  Swamp: Lair:2-4    Shoals: Lair:2-4     Snake: Lair:2-4    Spider: Lair:2-4

Altars:
Dithmenos
Kikubaaqudgha
Ru
Trog
Vehumet
Xom
Zin

Shops:
D:5 (

Annotations:
D:6 Edmund
Lair:1 2 transporters, robertstho's ghost, journeyman VSIE


Innate Abilities, Weirdness & Mutations

You are too large for most types of armour.
You have claws for hands.
Your natural rate of healing is unusually fast.
You are covered in fur. (AC +1)
You have tough skin. (AC +1)


Message History

The eight-headed hydra misses you. The eight-headed hydra bites you. x2
The eight-headed hydra bites you!
The eight-headed hydra barely misses you.
The eight-headed hydra misses you. The eight-headed hydra bites you.
You impale the eight-headed hydra!!
The eight-headed hydra is severely wounded.
Your shadow hits the eight-headed hydra with a dire flail.
The eight-headed hydra misses you.
The eight-headed hydra closely misses you.
The eight-headed hydra bites you but does no damage.
The eight-headed hydra bites you.
The eight-headed hydra barely misses you.
The eight-headed hydra bites you. The eight-headed hydra bites you!
The eight-headed hydra closely misses you.
You thump the eight-headed hydra!
The eight-headed hydra is almost dead.
The eight-headed hydra bites you. The eight-headed hydra bites you!
* * * LOW HITPOINT WARNING * * *
The eight-headed hydra closely misses you.
The eight-headed hydra barely misses you.
The eight-headed hydra bites you.
* * * LOW HITPOINT WARNING * * *
The eight-headed hydra barely misses you.
The eight-headed hydra bites you.
* * * LOW HITPOINT WARNING * * *
The eight-headed hydra closely misses you.
You barely miss the eight-headed hydra.
The eight-headed hydra is almost dead.
The eight-headed hydra bites you.
* * * LOW HITPOINT WARNING * * *
The eight-headed hydra bites you.
* * * LOW HITPOINT WARNING * * *
The eight-headed hydra bites you!
* * * LOW HITPOINT WARNING * * *
The eight-headed hydra bites you.
* * * LOW HITPOINT WARNING * * *
The eight-headed hydra bites you.
* * * LOW HITPOINT WARNING * * *
The eight-headed hydra bites you!
You die...

P..............##.#..###...###...
..#.........†...########...# ..P
#....P..##.....#†.....#....# ..
#.##............#..........# .
#.#.....##......#.....#....##..
..##....##............##.......
#..#...###......#.######.......
#....#.........P####.##.....#..
...............D@...........###
...........................##
#..............................
############.##..###P..########
####### #####


You could see an eight-headed hydra.

Vanquished Creatures
  Harold (D:8)
  2 hydras
  Erica (D:8)
  4 two-headed ogres
  Pikel (D:7)
  A torpor snail (Lair:2)
  3 cane toads
  4 komodo dragons
  Grinder (Sewer)
  9 blink frogs
  20 yaks
  A wraith (D:8)
  5 wyverns (D:10)
  A steam dragon (D:7)
  2 acid dragons (D:9)
  Duvessa (D:7)
  5 water moccasins
  An orc warrior (D:8)
  2 sky beasts
  A black bear (D:5)
  An ogre (D:7)
  5 centaurs
  2 phantoms
  8 kobold brigands
  A wyvern zombie (D:7)
  6 scorpions
  A gnoll sergeant (D:10)
  6 bullfrogs
  A water moccasin skeleton (D:6)
  Dowan (D:7)
  11 killer bees
  8 electric eels
  9 wights
  2 howler monkeys
  3 centaur zombies
  3 hounds
  2 jellies
  A bullfrog skeleton (D:6)
  2 orc priests
  3 iguanas
  Terence (D:3)
  2 orc wizards
  A hound skeleton (D:3)
  5 gnolls (D:10)
  12 adders
  5 shadow imps
  2 white imps
  7 ufetubi (Sewer)
  An adder skeleton (D:4)
  3 worms
  9 dart slugs
  22 orcs
  5 bats
  8 endoplasms
  6 giant cockroaches
  7 goblins
  6 hobgoblins
  6 quokkas
  9 ball pythons
  3 frilled lizards
  52 kobolds
  6 rats
320 creatures vanquished.

Vanquished Creatures (others)
  A swamp drake (D:10)
  2 dart slugs (D:7)
  6 fungi
  35 plants
44 creatures vanquished.

Grand Total: 364 creatures vanquished

Notes
Turn   | Place    | Note
-------+----------+-------------------------------------------
     0 | D:1      | duskshroud the Troll Hunter began the quest for the Orb.
     0 | D:1      | Reached XP level 1. HP: 19/19 MP: 0/0
    48 | D:1      | Reached skill level 1 in Unarmed Combat
    63 | D:1      | Reached XP level 2. HP: 25/28 MP: 1/1
   363 | D:1      | Reached skill level 2 in Unarmed Combat
   681 | D:2      | Reached XP level 3. HP: 35/35 MP: 2/2
   711 | D:2      | Found a faded altar of an unknown god.
  1030 | D:2      | Reached XP level 4. HP: 40/44 MP: 3/3
  1045 | D:2      | Reached skill level 3 in Unarmed Combat
  1472 | D:3      | Found the +3 pair of seven-league boots {Rampage+∞}
  1597 | D:3      | Noticed Terence
  1601 | D:3      | Killed Terence
  1602 | D:3      | Reached XP level 5. HP: 28/52 MP: 4/4
  1604 | D:3      | Found a shadowy altar of Dithmenos.
  1614 | D:3      | Became a worshipper of Dithmenos the Shadowed
  2011 | D:4      | Reached skill level 4 in Unarmed Combat
  2045 | D:4      | Noticed a two-headed ogre
  2056 | D:4      | Killed a two-headed ogre
  2057 | D:4      | Reached skill level 6 in Unarmed Combat
  2057 | D:4      | Reached XP level 6. HP: 14/62 MP: 5/5
  2057 | D:4      | Reached XP level 7. HP: 16/70 MP: 6/6
  2135 | D:4      | Found a glowing drain.
  2161 | Sewer    | Entered a sewer
  2182 | Sewer    | Reached skill level 7 in Unarmed Combat
  2236 | Sewer    | Reached * piety under Dithmenos
  2265 | Sewer    | Found an ancient bone altar of Kikubaaqudgha.
  2307 | Sewer    | Reached XP level 8. HP: 72/79 MP: 7/7
  2331 | Sewer    | Noticed Grinder
  2338 | Sewer    | Killed Grinder
  2339 | Sewer    | Reached skill level 5 in Fighting
  2339 | Sewer    | Reached skill level 8 in Unarmed Combat
  2693 | D:4      | Reached ** piety under Dithmenos
  2729 | D:4      | Found a staircase to the Ecumenical Temple.
  3066 | D:5      | Entered Level 5 of the Dungeon
  3165 | D:5      | Reached skill level 9 in Unarmed Combat
  3328 | D:5      | Found Fuomiviw's Antique Weapon Emporium.
  3571 | D:5      | Found a glowing silver altar of Zin.
  3571 | D:5      | Noticed an angel
  3644 | D:5      | Reached XP level 9. HP: 88/89 MP: 8/8
  3649 | D:5      | Found a sacrificial altar of Ru.
  4155 | D:6      | Reached skill level 10 in Unarmed Combat
  4256 | D:6      | Found a shimmering altar of Xom.
  4256 | D:6      | Noticed Edmund
  4513 | D:6      | Reached *** piety under Dithmenos
  4523 | D:6      | Reached skill level 11 in Unarmed Combat
  4737 | D:7      | Noticed a two-headed ogre
  4747 | D:7      | Killed a two-headed ogre
  4748 | D:7      | Reached XP level 10. HP: 94/102 MP: 9/9
  4796 | D:7      | Noticed Pikel
  4835 | D:7      | Killed Pikel
  4895 | D:7      | Reached skill level 12 in Unarmed Combat
  4914 | D:7      | Found a radiant altar of Vehumet.
  4934 | D:7      | Identified the amulet "Bimij" {rF+ Regen+ rCorr Str+9}
  5138 | D:7      | Noticed Dowan
  5139 | D:7      | Noticed Duvessa
  5143 | D:7      | Killed Dowan
  5150 | D:7      | Killed Duvessa
  5904 | D:8      | Reached **** piety under Dithmenos
  6013 | D:8      | Noticed Harold
  6026 | D:8      | Killed Harold
  6040 | D:8      | Reached skill level 13 in Unarmed Combat
  6358 | D:8      | Noticed a two-headed ogre
  6382 | D:8      | Killed a two-headed ogre
  6831 | D:8      | Noticed Erica
  6945 | D:8      | Killed Erica
  6946 | D:8      | Reached XP level 11. HP: 84/113 MP: 10/10
  7229 | D:9      | Found a staircase to the Orcish Mines.
  7616 | D:9      | Found an ancient bone altar of Kikubaaqudgha.
  8022 | D:9      | Reached ***** piety under Dithmenos
  8129 | D:10     | Entered Level 10 of the Dungeon
  8259 | D:10     | Reached skill level 1 in Shields
  8262 | D:10     | Reached skill level 14 in Unarmed Combat
  8627 | D:10     | Noticed a two-headed ogre
  8676 | D:10     | Killed a two-headed ogre
  8767 | D:10     | Found a staircase to the Lair.
  9173 | D:10     | Identified 3 scrolls of acquirement
  9177 | D:10     | Acquired a +0 kite shield of protection
  9178 | D:10     | Acquired the ring "Payhilid" {rPois rF- Will+ Dex-3 Slay+6}
  9179 | D:10     | Acquired a manual of Fighting
  9230 | Lair:1   | Entered Level 1 of the Lair of Beasts
  9248 | Lair:1   | Noticed an eight-headed hydra
  9424 | Lair:1   | Killed an eight-headed hydra
  9639 | Lair:1   | Noticed a spriggan rider
  9640 | Lair:1   | Found a bloodstained altar of Trog.
  9640 | Lair:1   | Noticed robertstho's ghost (journeyman VSIE)
  9644 | Lair:1   | Found a transporter.
  9649 | Lair:1   | Noticed a spriggan rider
  9653 | Lair:1   | Identified the +8 dagger of the Two Names {protect, rCorr}
  9710 | Lair:1   | Found a transporter.
 10212 | Lair:2   | Reached skill level 10 in Fighting
 10212 | Lair:2   | Reached XP level 12. HP: 126/126 MP: 11/11
 10443 | Lair:2   | Noticed a four-headed hydra
 10731 | Lair:2   | Killed a four-headed hydra
 10736 | Lair:2   | Reached skill level 5 in Shields
 10795 | Lair:2   | Noticed an eight-headed hydra
 10849 | Lair:2   | HP: 5/127 [eight-headed hydra (6)]
 10849 | Lair:2   | Mangled by an eight-headed hydra

Illustrated notes

Levels and vault maps discovered:
D:1:      lightli_arrival_maybe_door_vault, layout_loops_ring, minmay_tall_x
D:2:      layout_loops_ring, basic_ecumenical_altar,
          hangedman_abyss_or_decor_stabs, hangedman_decor_points,
          kennysheep_donut, kennysheep_generic_room_6
D:3:      layout_loops_ring, mainiacjoe_overflow_alcove_2, minmay_surrounded,
          uniq_terence
D:4:      layout_cave_pools, minmay_temple_entry_drinking_statues,
          portal_sewer_entry_d, corner_web_ring, minmay_misc_feat_doors
D:5:      layout_basic, zin_angel, nicolae_ru_path_of_blood, serial_shops,
          nicolae_lakefront_shop
D:6:      layout_loops_ring, nicolae_overflow_hidden_temple, uniq_edmund
D:7:      kennysheep_slugbush, layout_loops_ring, vehumet_altar_wand_db,
          minmay_splitting_lines, uniq_pikel, uniq_duvessa
D:8:      layout_basic, uniq_erica, uniq_harold
D:9:      layout_irregular_city, mainiacjoe_overflow_paths, orc_0_dummy,
          minmay_diced_spiral
D:10:     layout_irregular_city, erik_lair_dragon
Lair:1:   layout_chaotic_city, gammafunk_ghost_wrathful_warriors, serial_bayou,
          serial_bayou_pond_c, serial_bayou_lagoon_b, serial_bayou_ford_a,
          serial_bayou_crossing
Lair:2:   layout_regular_city, chequers_serial_rivers_room_a

Skill      XL: |  1  2  3  4  5  6  7  8  9 10 11 12 |
---------------+-------------------------------------+-----
Unarmed Combat | 1 2 3 6 7 9 11 13 14 | 14.8
Fighting       | 2 4 5 7 8 10 | 10.5
Dodging        | 3 |  3.0
Shields        | 3 5 |  5.0
Throwing       | |  3.6
Stealth        | |  0.3

Action                   |  1- 3 |  4- 6 |  7- 9 | 10-12 || total
-------------------------+-------+-------+-------+-------++-------
Melee: Unarmed           |   141 |    78 |   233 |   357 ||   809
       Punch             |     1 |     1 |     9 |    23 ||    34
       Dire flail        |       |       |       |    41 ||    41
Throw: Large rock        |       |     1 |    14 |     9 ||    24
       Throwing net      |       |     2 |       |     2 ||     4
       Dart              |       |       |     2 |   126 ||   128
       Boomerang         |       |       |     2 |     1 ||     3
       Javelin           |       |       |       |     2 ||     2
Evoke: Wand              |       |       |       |     7 ||     7
  Use: Scroll            |       |       |       |    15 ||    15
       Potion            |       |       |       |     4 ||     4
 Stab: Sleeping          |     2 |     2 |     5 |     4 ||    13
       Held in net/web   |       |     1 |       |     3 ||     4
       Distracted        |       |       |       |     1 ||     1
Armor: Robe              |    59 |    25 |    44 |   141 ||   269
Dodge: Dodged            |    62 |    18 |    98 |   273 ||   451

Table legend: (Time is in decaauts)
 A = Elapsed time spent in this place.
 B = Non-inter-level travel time spent in this place.
 C = Inter-level travel time spent in this place.
 D = Time resting spent in this place.
 E = Time spent auto-exploring this place.
 F = Levels seen in this place.
 G = Mean time per level.
                   A        B        C        D        E       F      G
               +--------+--------+--------+--------+--------+-----+--------+
         Total |  10808 |  10340 |    468 |    507 |   6336 |  13 |  831.4 |
       Dungeon |   8927 |   8488 |    439 |    476 |   5387 |  10 |  892.7 |
          Lair |   1487 |   1458 |     29 |     31 |    748 |   2 |  743.5 |
         Sewer |    393 |    393 |      0 |      0 |    200 |   1 |  393.0 |
               +--------+--------+--------+--------+--------+-----+--------+

Top non-repeatable levels by time:
     D:8: 1527 daAuts
    D:10: 1205 daAuts
     D:7: 1104 daAuts
     D:6: 938 daAuts
  Lair:1: 825 daAuts
     D:9: 768 daAuts
     D:2: 716 daAuts
     D:5: 713 daAuts
     D:4: 699 daAuts
  Lair:2: 662 daAuts
     D:3: 633 daAuts
     D:1: 620 daAuts
   Sewer: 393 daAuts
